 Dungeon Crawl Stone Soup version 0.31-a0-486-g8d68a81214 (webtiles) character file.

Game seed: 602448856757524579

1322731 Pooter the Slayer (level 26, 235/235 HPs)
             Began as a Minotaur Berserker on Aug 4, 2023.
             Was an Elder of Trog.
             Escaped with the Orb
             ... and 3 runes on Aug 7, 2023!
             The game lasted 07:25:36 (124255 turns).

Pooter the Slayer (Minotaur Berserker)            Turns: 124255, Time: 07:25:37

Health: 235/235    AC: 34    Str: 40    XL:     26   Next: 73%
Magic:  22/22      EV: 20    Int:  4    God:    Trog [****..]
Gold:   6648       SH:  5    Dex: 18    Spells: 25/25 levels left

rFire   + + +        a - +9 executioner's axe (flame)
rCold   + . .        (shield currently unavailable)
rNeg    + + .        r - +10 plate armour of the Sea {rC+ rN+}
rPois   +            (helmet restricted)
rElec   .            O - scarf {repulsion}
rCorr   .            U - +1 pair of gloves of Honour {rPois Str+3 Dex+3}
SInv    .            j - +2 pair of boots {Fly}
Will    ++...        K - amulet of Qesoidam {Reflect rF+ Dex+2 SH+5 Stlth+}
Stlth   ++           F - ring of Generosity {rF++ rN+ Str+6 Int-4}
HPRegen 0.59/turn    R - ring "Risecs" {Str+6 Slay+3}
MPRegen 0.18/turn

%: repel missiles, reflection
@: flying, studying Shapeshifting
A: horns 2, retaliatory headbutt, deterioration 1, frail 1, strong-willed 1,
shaggy fur 1, weak 1, subdued magic 1
0: Orb of Zot
}: 3/15 runes: barnacled, silver, gossamer
a: Renounce Religion, Berserk, Trog's Hand, Brothers in Arms


You escaped.
You worshipped Trog.
Trog was greatly pleased with you.
You visited 10 branches of the dungeon, and saw 49 of its levels.
You visited the Abyss 1 time.
You visited 1 bazaar.
You visited 1 ziggurat, and saw 7 of its levels.
You also visited: Bailey and Ice Cave.

You collected 9715 gold pieces.
You spent 3067 gold pieces at shops.

Inventory:

Hand Weapons
 a - a +9 executioner's axe of flaming (weapon)
   (Trog gifted it to you on level 2 of the Orcish Mines)
 b - the +8 longbow "Zephyr" {speed, Dex+3 SInv}
   (You acquired it on level 1 of the Shoals)

   Dex:       It affects your dexterity (+3).
   SInv:      It lets you see invisible.
 w - a +8 antimagic executioner's axe
   (Trog gifted it to you on level 13 of the Dungeon)
 M - a +3 heavy executioner's axe
   (Trog gifted it to you on level 5 of the Vaults)
Missiles
 v - 14 silver javelins
 E - 41 boomerangs (quivered)
 W - 14 javelins
Armour
 j - a +2 pair of boots of flying (worn)
   (You bought it in a shop on level 2 of the Orcish Mines)
 r - the +10 plate armour of the Sea (worn) {rC+ rN+}
   (You took it off a deep elf master archer on level 3 of the Elven Halls)

   rC:        It protects you from cold.
   rN:        It protects you from negative energy.
 O - a scarf of repulsion (worn)
   (You found it on level 4 of the Spider Nest)
 Q - the +4 ring mail of the Battered Loafs {rPois Str+3 Dex+2 Slay+3}
   (You found it on level 3 of the Lair of Beasts)

   Str:       It affects your strength (+3).
   Dex:       It affects your dexterity (+2).
   Slay:      It affects your accuracy & damage with ranged weapons and melee
   (+3).
   rPois:     It protects you from poison.
 U - the +1 pair of gloves of Honour (worn) {rPois Str+3 Dex+3}
   (You found it on level 12 of the Dungeon)

   Str:       It affects your strength (+3).
   Dex:       It affects your dexterity (+3).
   rPois:     It protects you from poison.
Jewellery
 z - an amulet of faith {!P}
   (You took it off a vault sentinel on level 5 of the Vaults)
 A - a +6 ring of dexterity
   (You found it on level 5 of the Dungeon)
 B - an amulet of regeneration
   (You found it on level 3 of the Elven Halls)
 C - a ring of resist corrosion
   (You found it on level 4 of the Spider Nest)
 F - the ring of Generosity (left hand) {rF++ rN+ Str+6 Int-4}
   (You bought it in a shop on level 1 of the Elven Halls)

   [ring of strength]

   Str:       It affects your strength (+6).
   Int:       It affects your intelligence (-4).
   rF:        It greatly protects you from fire.
   rN:        It protects you from negative energy.
 G - the ring of Afigamewn {+Blink rN+}
   (You found it on level 3 of the Crypt)

   [ring of positive energy]

   rN:        It protects you from negative energy.
   +Blink:    It lets you blink.
 K - the amulet of Qesoidam (around neck) {Reflect rF+ Dex+2 SH+5 Stlth+}
   (You found it on level 2 of the Vaults)

   [amulet of reflection]

   It reflects blocked missile attacks.
   Dex:       It affects your dexterity (+2).
   rF:        It protects you from fire.
   SH:        It affects your SH (+5).
   Stlth:     It makes you more stealthy.
 N - a ring of positive energy
   (You found it on level 1 of the Lair of Beasts)
 R - the ring "Risecs" (right hand) {Str+6 Slay+3}
   (You acquired it on level 1 of the Dungeon)

   [ring of strength]

   Str:       It affects your strength (+6).
   Slay:      It affects your accuracy & damage with ranged weapons and melee
   (+3).
 S - a ring of see invisible
   (You found it on level 2 of the Elven Halls)
 Z - a ring of willpower
   (You found it on level 2 of the Lair of Beasts)
Wands
 d - a wand of iceblast (43)
   (You found it on level 3 of the Elven Halls)
 f - a wand of flame (75)
   (You took it off Maggie on level 9 of the Dungeon)
 x - a wand of acid (25)
   (You found it on level 9 of the Dungeon)
 y - a wand of polymorph (3)
   (You found it on level 1 of the Elven Halls)
 D - a wand of digging (11)
   (You found it on level 1 of the Elven Halls)
 X - a wand of mindburst (21)
   (You found it on level 2 of the Lair of Beasts)
 Y - a wand of charming (59)
   (You found it on level 8 of the Dungeon)
Scrolls
 i - a scroll of butterflies
 k - 10 scrolls of fog
 l - 3 scrolls of revelation
 o - 5 scrolls of poison {!r}
 t - 13 scrolls of teleportation {@r4}
 I - 11 scrolls of fear
 L - 8 scrolls of immolation {!r}
 T - 8 scrolls of noise {!r}
 V - a scroll of silence
Potions
 c - 6 potions of mutation {!q}
 e - 6 potions of curing {@q1}
 g - 4 potions of haste {@q3}
 h - 6 potions of resistance
 n - 5 potions of might
 q - 7 potions of heal wounds {@q2}
 u - 2 potions of invisibility
 J - 2 potions of cancellation
 P - 9 potions of attraction {!q}
Miscellaneous
 m - a box of beasts
   (You found it on level 4 of the Shoals)
 s - a condenser vane
   (You found it on level 3 of the Crypt)
 H - a phantom mirror
   (You found it on level 3 of the Crypt)


   Skills:
 + Level 26.3 Fighting
 + Level 26.1(26.3) Axes
 - Level 6.7(18.5) Maces & Flails
 + Level 23.7 Ranged Weapons
 - Level 9.8 Throwing
 - Level 15.5 Armour
 - Level 18.8 Dodging
 - Level 17.8 Stealth
 + Level 14.6 Evocations


You had 25 spell levels left.
You didn't know any spells.
Your spell library was empty.

Dungeon Overview and Level Annotations

Branches:
Dungeon (15/15)            Temple (0/1) D:4            Lair (4/5) D:10
 Shoals (4/4) Lair:2       Spider (4/4) Lair:2        Slime (0/5) Lair:4
    Orc (2/2) D:9             Elf (3/3) Orc:2        Vaults (5/5) D:13
  Crypt (3/3) Vaults:3       Tomb (0/3) Crypt:3      Depths (4/4) D:15
    Zot (5/5) Depths:4     Bailey (visited)           IceCv (visited)

Altars:
Elyvilon
Gozag
Kikubaaqudgha
Qazlal
Ru
Sif Muna
Vehumet
Jiyva

Shops:
D:1 ?*:=   Orc:2 [**(**   Elf:1 =   Elf:3 (   Shoals:4 (   Depths:3 =:=

Portals:
Hell: Depths:1 Depths:2 Depths:3 Depths:4
Abyss: Depths:3
Pandemonium: Depths:2 Depths:3

Annotations:
Elf:2 2 runed translucent doors
Zot:4 1 transporter


Innate Abilities, Weirdness & Mutations

You have a pair of horns on your head.
You reflexively headbutt those who attack you in melee.
Your body sometimes deteriorates upon taking damage.
You are frail. (-10% HP)
You are strong-willed. (Will+)
You are covered in fur. (AC +1)
You are weak. (Str -2)
Your spells are a little easier to cast, but a little less powerful.


Message History

You start resting.
Your extra speed is starting to run out.
You feel yourself slow down.
Your skin crawls.
You feel strong-willed.
There is a stone staircase leading up here.
You start resting.
You feel the effects of Trog's Hand fading.
A red devil comes into view. It is wielding a +0 trident.
You fly upwards.
There is a stone staircase leading down here.
Your skin stops crawling.
You feel less strong-willed.
An Orb Guardian comes into view.
Unknown command.
Your skin crawls.
You feel strong-willed.
Throw: 15 javelins (silver)
Press: ? - help, Shift-Dir - straight line, f - Orb Guardian
Aim: an Orb Guardian (69% to hit)
You throw a silver javelin.
The silver javelin pierces through the Orb Guardian but does no damage.
You feel much better.
You feel much better.
You carve the Orb Guardian like a ham!!!
You burn the Orb Guardian. You headbutt the Orb Guardian.
The Orb Guardian hits you but does no damage.
You cut the Orb Guardian into ribbons!!!
You burn the Orb Guardian.
You kill the Orb Guardian!
Trog accepts your kill.
There is a stone staircase leading up here.
You start resting.
You feel the effects of Trog's Hand fading.
You start resting.
Your skin stops crawling.
You feel less strong-willed.
You start resting.
An Ice Fiend comes into view.
You fly upwards.
There is a stone staircase leading down here.
You see here a +0 club.
There is a stone staircase leading up here.
You fly upwards.
There is a stone staircase leading down here.
There is a stone staircase leading up here.
You fly upwards.
There is a stone staircase leading down here.
You reach down and open the door.
There is an open door here.
There is a staircase leading out of the dungeon here.
You have escaped!

##########
#~P♣~♣~.@#
###P~~.....#
#.'.....♣~≈#
####.#♣~.♣~PP~#
##....###'######
#..##.....#
#.######### #.#
#.#


There were no monsters in sight!

Vanquished Creatures
  3 dread liches
  An ancient lich (Zot:5)
  4 orbs of fire (Zot:5)
  4 juggernauts
  Sojobo (Depths:1)
  Vv (Crypt:2)
  13 Killer Klowns
  Frederick (Depths:4)
  A curse toe (Zot:4)
  9 golden dragons
  Nikola (Shoals:1)
  Norris (Depths:3)
  A profane servitor (Zot:2)
  A Brimstone Fiend (Zot:2)
  2 Tzitzimimeh
  4 electric golems
  A hellephant (Zig:2)
  17 tentacled monstrosities
  A Hell Sentinel (Zot:2)
  Mlioglotl (Shoals:1)
  A walking earthen tome (Depths:2)
  6 liches
  29 Orb Guardians
  Asterion (Vaults:3)
  11 quicksilver dragons
  A kraken (Shoals:2)
  4 deep elf blademasters
  A walking divine tome (Depths:3)
  3 titans (Vaults:5)
  2 deep elf master archers
  The ghost of Juakinleluo the Scorcher, an adept HOFE of Vehumet (Shoals:2)
  5 sphinxes
  An Executioner (Zot:1)
  6 death cobs
  3 ancient champions
  2 tentacled starspawn (Abyss:3)
  A thorn hunter (Abyss:3)
  A storm dragon (shapeshifter) (D:9)
  Roxanne (Elf:2)
  3 draconian monks
  11 tengu reavers
  6 storm dragons
  10 shadow dragons
  A revenant (Crypt:1)
  An azure jelly (Shoals:4)
  9 draconian knights
  9 fire giants
  A frost giant (shapeshifter) (Zig:5)
  16 vault wardens
  2 demonspawn warmongers (D:14)
  12 frost giants
  6 ghost moths
  An iron dragon (Depths:3)
  9 emperor scorpions
  5 draconian scorchers
  Louise (Shoals:1)
  3 deep elf elementalists (Elf:3)
  A juggernaut zombie (Crypt:3)
  3 spriggan defenders (Depths:2)
  4 draconian shifters
  10 deep elf sorcerers
  7 broodmothers (Spider:4)
  2 curse skulls (Crypt:3)
  6 draconian stormcallers
  26 very ugly things
  2 caustic shrike skeletons (Crypt:3)
  A formless jellyfish (Shoals:4)
  9 draconian annihilators
  The ghost of jlumianski the Fighter, a journeyman DjFE of Makhleb (Lair:3)
  16 ironbound preservers
  2 ghouls (Crypt:1)
  14 stone giants
  A juggernaut skeleton (Depths:2)
  6 reapers
  A war gargoyle (Vaults:4)
  2 ironbound thunderhulks
  7 green draconians
  8 vampire knights
  The ghost of jasper the Black Belt, a journeyman MeSh of Nemelex Xobeh (Lair:3)
  6 deep elf demonologists
  2 pale draconians (Depths:4)
  29 purple draconians
  9 white draconians
  The ghost of lessens the Severer, a journeyman DsFi of Makhleb (Lair:4)
  12 deep elf annihilators
  13 spark wasps
  The ghost of Gelion the Mimic, a journeyman OpSh of Gozag (Lair:3)
  11 yellow draconians
  11 dire elephants
  10 red draconians
  4 black draconians
  Snorg (Orc:2)
  A mummy priest (Crypt:3)
  The ghost of Ofeo the Martial Artist, a journeyman DsSh of Jiyva (Lair:3)
  2 crystal guardians (Vaults:4)
  11 eidola
  8 merfolk javelineers
  11 merfolk impalers
  2 green deaths
  14 ettins
  6 entropy weavers
  9 ice dragons
  3 deep elf high priests
  6 jiangshi (Crypt:1)
  11 yaktaur captains
  9 deep elf death magi
  7 great orbs of eyes
  A quicksilver dragon zombie (Crypt:3)
  The ghost of Splishie the Slicer, a journeyman GnWn of Jiyva (Lair:3)
  7 fire dragons
  3 salamander tyrants (Zig:6)
  A catoblepas (D:12)
  2 hell beasts
  28 vault guards
  5 peacekeepers
  4 spriggan zombies
  2 jorogumos
  6 radroaches
  6 hydras
  11 ironbound frosthearts
  A caustic shrike simulacrum (IceCv)
  5 rakshasas
  6 spriggan air magi
  6 merfolk aquamancers
  16 centaur warriors
  A boulder beetle (shapeshifter) (Elf:3)
  3 tengu warriors (Depths:1)
  A bennu zombie (Crypt:2)
  6 boulder beetles
  3 satyrs
  19 dancing weapons
  2 death knights
  5 two-headed ogres
  An alligator snapping turtle (shapeshifter) (Vaults:5)
  4 merfolk avatars
  An anaconda (Zig:6)
  5 deep troll shamans
  A death scarab (Spider:2)
  2 vampire magi
  An Orb Guardian skeleton (Crypt:2)
  11 demonic crawlers
  9 spriggan berserkers
  3 orc high priests (Orc:2)
  The ghost of Walel the Zephyrmancer, a journeyman TeAE of Gozag (Lair:2)
  2 deep troll earth magi (Depths:2)
  A shock serpent (Zig:6)
  6 deep elf knights
  A titan skeleton (Crypt:3)
  9 soul eaters
  6 hell knights
  2 fire crabs (shapeshifter)
  6 skysharks
  9 spriggans
  2 shadow wraiths (Crypt:2)
  4 iron trolls
  40 skeletal warriors
  9 pharaoh ants
  An anaconda zombie (Crypt:3)
  3 glowing orange brains
  2 flayed ghosts
  2 naga ritualists (Zig:6)
  2 golden dragon zombies
  A spriggan druid (Depths:1)
  A shadow demon (Depths:4)
  46 deep trolls
  A bunyip zombie (Crypt:3)
  3 swamp dragons (Depths:4)
  11 deep elf archers
  12 sea snakes
  9 orb spiders
  13 ironbound convokers
  A swamp dragon (shapeshifter) (D:14)
  6 wizards
  24 phantasmal warriors
  9 harpies
  2 orange crystal statues (IceCv)
  A shadow dragon zombie (D:15)
  A tengu zombie (Depths:2)
  A bog body (Crypt:1)
  20 necromancers
  10 lindwurms
  A mana viper (shapeshifter) (Vaults:5)
  8 steelbarb worms
  21 deep elf pyromancers
  21 deep elf zephyrmancers
  7 wolf spider zombies (Spider:2)
  A fire giant zombie (D:15)
  A sphinx zombie (Crypt:1)
  6 orc knights
  A frost giant zombie (Crypt:1)
  A shining eye (Zig:1)
  36 wolf spiders
  An oklob plant (D:11)
  7 cyclopes
  5 stone giant zombies
  An iron dragon zombie (Crypt:3)
  31 ugly things
  3 fauns
  12 manticores
  A tengu skeleton (D:15)
  2 worldbinders (Abyss:3)
  4 orc sorcerers
  30 moths of wrath
  A black mamba (shapeshifter) (Depths:2)
  13 merfolk sirens
  3 elephants (Lair:3)
  A dire elephant zombie (Crypt:3)
  2 black mambas
  An eye of devastation (Zig:1)
  A frost giant skeleton (Crypt:2)
  9 cane toads
  A fire giant skeleton (Crypt:2)
  An alligator snapping turtle zombie (Crypt:3)
  A formless jellyfish zombie (Crypt:1)
  7 torpor snails
  16 vault sentinels
  Maggie (D:9)
  A naga mage (Zig:6)
  4 water nymphs
  A dire elephant skeleton (Crypt:3)
  A gargoyle (D:12)
  A centaur skeleton (Crypt:3)
  A yaktaur zombie (Vaults:1)
  10 komodo dragons
  2 kobold demonologists
  An anaconda simulacrum (IceCv)
  A komodo dragon (shapeshifter) (Vaults:5)
  30 yaktaurs
  2 efreet
  4 rime drakes
  14 freezing wraiths
  A spark wasp simulacrum (Depths:2)
  3 golden dragon simulacra (IceCv)
  A tengu conjurer (Depths:3)
  A spriggan skeleton (Depths:2)
  3 harpy zombies (Crypt:3)
  A queen bee (Lair:2)
  5 meliai
  34 merfolk
  A hornet (shapeshifter) (D:15)
  3 guardian mummies
  5 trolls
  13 hellwings (Crypt:3)
  14 hornets
  28 tarantellas
  5 polar bears
  A harpy skeleton (Crypt:3)
  3 wolf spider simulacra (Spider:2)
  10 wind drakes
  11 blink frogs
  An alligator zombie (Crypt:1)
  7 snapping turtles
  7 dream sheep (Lair:3)
  35 slime creatures
  38 jumping spiders
  6 flying skulls (Crypt:1)
  25 culicivoras
  A jumping spider (shapeshifter) (D:15)
  An air elemental (Zig:4)
  2 dire elephant simulacra (IceCv)
  17 water elementals
  3 wraiths
  A shadow (D:12)
  A vampire (D:11)
  2 large abominations (Abyss:3)
  An ushabti (Crypt:3)
  6 wyverns
  4 fire elementals
  5 basilisks
  4 steam dragons
  34 yaks
  Grum (Lair:1)
  A basilisk (shapeshifter) (Vaults:5)
  A yaktaur simulacrum (Vaults:3)
  63 redbacks
  8 vampire mosquitoes
  A glowing shapeshifter zombie (Depths:2)
  A hydra simulacrum (IceCv)
  2 wargs
  An acid dragon (D:12)
  A naga zombie (Crypt:3)
  A harpy simulacrum (IceCv)
  Edmund (D:5)
  10 water moccasins
  2 swamp worms (shapeshifter)
  A water nymph skeleton (Crypt:2)
  A naga skeleton (Crypt:3)
  4 black bears
  An ice beast (Vaults:3)
  A cane toad skeleton (Crypt:1)
  A demonspawn skeleton (Crypt:1)
  30 orc warriors
  A sky beast (D:7)
  An ettin simulacrum (IceCv)
  An ice beast (shapeshifter) (Depths:2)
  A deep troll simulacrum (Vaults:1)
  3 alligator simulacra (IceCv)
  6 wolves
  A boggart (Lair:4)
  12 centaurs
  4 ogres
  An elf simulacrum (Vaults:1)
  A phantom (D:7)
  3 kobold brigands
  4 scorpions
  16 bullfrogs
  An earth elemental (Elf:3)
  A necrophage (Crypt:1)
  4 wights (D:7)
  A hornet simulacrum (D:9)
  10 wyvern skeletons (Crypt:3)
  17 killer bees
  A raiju skeleton (Crypt:2)
  3 lindwurm simulacra (IceCv)
  An oklob sapling (D:11)
  11 electric eels
  11 howler monkeys
  A crimson imp (Abyss:3)
  5 jellies
  4 starcursed masses (Abyss:3)
  4 hounds
  18 orc priests
  Terence (D:3)
  An iguana (D:6)
  26 orc wizards
  A hell rat (Zig:2)
  A mummy (D:8)
  Robin (D:3)
  6 gnolls (Bailey)
  11 adders
  A shadow imp (D:7)
  2 white imps
  An ufetubus (D:4)
  7 worms
  6 dart slugs
  69 orcs
  11 ball pythons
  6 endoplasms
  3 giant cockroaches
  21 goblins
  14 hobgoblins
  19 kobolds
  3 quokkas
  3 bats
  7 frilled lizards
  A hobgoblin zombie (D:8)
  A jackal skeleton (Crypt:2)
  2 kobold zombies (D:8)
  An orc zombie (D:8)
  2 rats
  14 butterflies (Elf:1)
  2 starspawn tentacles (Abyss:3)
  4 tentacles (Shoals:2)
2269 creatures vanquished.

Vanquished Creatures (collateral kills)
  Donald (Crypt:1)
  2 ghouls (Crypt:1)
  A deep elf high priest (Elf:1)
  3 skeletal warriors (Crypt:1)
  A phantasmal warrior (Crypt:1)
  2 deep elf pyromancers (Elf:1)
  An ironbound convoker (Vaults:1)
  2 deep elf zephyrmancers (Elf:1)
  A yaktaur (Vaults:1)
  A merfolk (Shoals:4)
15 creatures vanquished.

Vanquished Creatures (others)
  A deep elf annihilator (Vaults:5)
  A white draconian (Zot:2)
  2 deep trolls (Vaults:1)
  A tarantella (Spider:1)
  A redback (Spider:3)
  A wolf (Depths:1)
  An orc wizard (D:9)
8 creatures vanquished.

Grand Total: 2292 creatures vanquished

Notes
Turn   | Place    | Note
-------+----------+-------------------------------------------
     0 | D:1      | Pooter the Minotaur Berserker began the quest for the Orb.
     0 | D:1      | Reached XP level 1. HP: 19/19 MP: 0/0
   142 | D:1      | Reached XP level 2. HP: 22/27 MP: 1/1
   228 | D:1      | Found Dybit's Jewellery Shoppe.
   372 | D:1      | Found Affuequ's Magic Scroll Shop.
   410 | D:1      | Bought a scroll of identify for 22 gold pieces
   439 | D:1      | Found Ciys's Book Shoppe.
   439 | D:1      | Noticed a walking crystal tome
   441 | D:1      | Noticed a walking crystal tome
   691 | D:1      | Found Eleniokh's Assorted Antiques.
   764 | D:2      | Found a stormy altar of Qazlal.
   893 | D:1      | Bought a scroll labelled HIUPHU FOUMIJ for 19 gold pieces
   918 | D:2      | Reached XP level 3. HP: 28/33 MP: 2/2
   959 | D:1      | Bought a scroll labelled SYIRGH BAURO for 19 gold pieces
  1078 | D:2      | Reached ** piety under Trog
  1259 | D:2      | Reached skill level 5 in Axes
  1354 | D:1      | Bought a scroll labelled ZIDOH MILLELUC for 19 gold pieces
  1486 | D:2      | Found a faded altar of an unknown god.
  1519 | D:2      | Reached XP level 4. HP: 28/41 MP: 3/3
  1678 | D:1      | Bought a scroll labelled HIUPHU FOUMIJ for 19 gold pieces
  1965 | D:3      | Noticed Robin
  1992 | D:3      | Killed Robin
  1997 | D:3      | Reached skill level 5 in Fighting
  1997 | D:3      | Reached XP level 5. HP: 38/48 MP: 4/4
  2229 | D:1      | Bought a scroll of identify for 38 gold pieces
  2356 | D:3      | Noticed Terence
  2361 | D:3      | Killed Terence
  2823 | D:1      | Bought a scroll of identify for 38 gold pieces
  2891 | D:4      | Found a staircase to the Ecumenical Temple.
  2927 | D:4      | Reached XP level 6. HP: 56/56 MP: 5/5
  3199 | D:1      | Bought a scroll of identify for 38 gold pieces
  3334 | D:4      | Found a radiant altar of Vehumet.
  3436 | D:4      | Reached skill level 1 in Ranged Weapons
  3685 | D:4      | Found a shimmering blue altar of Sif Muna.
  3717 | D:5      | Entered Level 5 of the Dungeon
  3774 | D:5      | Reached *** piety under Trog
  3855 | D:5      | Reached XP level 7. HP: 53/63 MP: 6/6
  4270 | D:5      | Noticed Edmund
  4278 | D:5      | Killed Edmund
  4799 | D:6      | Reached XP level 8. HP: 63/71 MP: 7/7
  5020 | D:6      | Noticed a boulder beetle
  5020 | D:6      | Noticed a cyclops
  5030 | D:6      | Killed a boulder beetle
  5041 | D:6      | Killed a cyclops
  5042 | D:6      | Reached skill level 10 in Axes
  5042 | D:6      | Reached XP level 9. HP: 33/81 MP: 8/8
  5956 | D:7      | Found a sacrificial altar of Ru.
  6797 | D:8      | Reached XP level 10. HP: 79/91 MP: 9/9
  6877 | D:8      | Found a flagged portal.
  6896 | Bailey   | Entered a bailey
  7058 | Bailey   | Noticed an orc knight
  7068 | Bailey   | Killed an orc knight
  7213 | Bailey   | Found the +0 pair of fencer's gloves {Riposte Dex+3}
  7227 | Bailey   | Found an iron altar of Okawaru.
  7227 | Bailey   | Noticed an orc sorcerer
  7242 | Bailey   | Killed an orc sorcerer
  7243 | Bailey   | Reached skill level 10 in Ranged Weapons
  8062 | Bailey   | Acquired the +2 hat "Arphatt" {rF+ Will- SInv}
  8068 | Bailey   | Acquired the +9 orcbow of Context {freeze, rElec Stlth+}
  8806 | D:8      | Reached skill level 10 in Fighting
  9088 | D:9      | Noticed Maggie
  9098 | D:9      | Killed Maggie
  9157 | D:9      | Reached **** piety under Trog
  9278 | D:9      | Reached XP level 11. HP: 100/100 MP: 10/10
  9353 | D:9      | Found a white marble altar of Elyvilon.
  9686 | D:9      | Found a staircase to the Orcish Mines.
  9777 | D:9      | Noticed a centaur warrior
  9786 | D:9      | Killed a centaur warrior
 10099 | D:9      | Noticed a centaur warrior
 10107 | D:9      | Killed a centaur warrior
 10732 | D:9      | Noticed a five-headed hydra
 10737 | D:9      | Killed a four-headed hydra
 10756 | D:9      | Noticed a centaur warrior
 10761 | D:9      | Killed a centaur warrior
 10777 | D:9      | Noticed an ice dragon
 11027 | D:9      | Noticed a quicksilver ooze
 11033 | D:9      | a quicksilver ooze changed into a storm dragon
 11033 | D:9      | Noticed a storm dragon (shapeshifter)
 11039 | D:9      | Killed a storm dragon
 11040 | D:9      | Reached skill level 15 in Axes
 11429 | D:10     | Entered Level 10 of the Dungeon
 11861 | D:10     | Found a staircase to the Lair.
 12166 | D:10     | Acquired 909 gold pieces
 12705 | D:1      | Bought a scroll of acquirement for 572 gold pieces
 12705 | D:1      | Acquired the ring "Risecs" {Str+6 Slay+3}
 12950 | Lair:1   | Entered Level 1 of the Lair of Beasts
 12955 | Lair:1   | Reached XP level 12. HP: 110/110 MP: 11/11
 13023 | Lair:1   | Noticed Grum
 13034 | Lair:1   | Killed Grum
 13279 | Lair:1   | Identified the +3 rapier of Pooter's Peril {elec, Dex+5}
 14021 | Lair:2   | Noticed a five-headed hydra
 14031 | Lair:2   | Killed a two-headed hydra
 14233 | Lair:2   | Reached ***** piety under Trog
 14321 | Lair:2   | Reached skill level 5 in Armour
 14406 | Lair:2   | Found a staircase to the Shoals.
 14543 | Lair:2   | Noticed a five-headed hydra
 14549 | Lair:2   | Killed a one-headed hydra
 14647 | Lair:2   | Found a hole to the Spider Nest.
 14790 | Lair:2   | Found a transporter.
 14791 | Lair:2   | Found a transporter.
 14808 | Lair:2   | Identified the +0 ring mail "Boorimoa" {rC+ Will+}
 14830 | Lair:2   | Noticed Walel's ghost (journeyman TeAE)
 15040 | Lair:3   | Identified the +6 halberd of Saltpetre {speed, Int+3}
 15099 | Lair:3   | Reached XP level 13. HP: 84/119 MP: 9/12
 15626 | Lair:3   | Reached skill level 15 in Ranged Weapons
 16120 | Lair:3   | Found a runed translucent gate.
 16120 | Lair:3   | Found a runed translucent gate.
 16120 | Lair:3   | Found a runed translucent gate.
 16121 | Lair:3   | Noticed Splishie's ghost (journeyman GnWn)
 16121 | Lair:3   | Noticed Gelion's ghost (journeyman OpSh)
 16121 | Lair:3   | Noticed jasper's ghost (journeyman MeSh)
 16122 | Lair:3   | Noticed jlumianski's ghost (journeyman DjFE)
 16123 | Lair:3   | Noticed Ofeo's ghost (journeyman DsSh)
 16694 | D:1      | Bought a ring of protection from fire for 325 gold pieces
 17050 | Lair:4   | Found a staircase to the Slime Pits.
 17051 | Lair:4   | Identified the +4 dagger of Vautweyt {heavy, rN+ Dex+3}
 17068 | Lair:4   | Found a viscous altar of Jiyva.
 17255 | Lair:4   | Found a runed translucent door.
 17258 | Lair:4   | Noticed lessens's ghost (journeyman DsFi)
 17258 | Lair:4   | Identified the +5 spear "Dumaeq" {drain, rCorr}
 18029 | Orc:1    | Entered Level 1 of the Orcish Mines
 19455 | Orc:2    | Entered Level 2 of the Orcish Mines
 21836 | Orc:2    | Received a gift from Trog
 22494 | Orc:2    | Found Ifoasim's General Store.
 22518 | Orc:2    | Bought a scroll of enchant weapon for 127 gold pieces
 22518 | Orc:2    | Bought a potion of haste for 170 gold pieces
 23021 | Orc:2    | Paralysed by an orc sorcerer for 5 turns
 23808 | Orc:2    | Found Fekleess's Antique Armour Emporium.
 23808 | Orc:2    | Found Balylo's Weapon Shop.
 23810 | Orc:2    | Found Seenis's General Store.
 23810 | Orc:2    | Found Muwk's General Store.
 23818 | Orc:2    | Bought a potion of degeneration for 13 gold pieces
 23826 | Orc:2    | Bought a scroll of immolation for 56 gold pieces
 23826 | Orc:2    | Bought a scroll of blinking for 105 gold pieces
 23826 | Orc:2    | Bought a +1 pair of boots of flying for 231 gold pieces
 23925 | Orc:2    | Noticed Snorg
 23930 | Orc:2    | Killed Snorg
 24156 | Orc:2    | Found Gesch's Overcharged Wands.
 24302 | Orc:2    | Found a staircase to the Elven Halls.
 24483 | D:11     | Reached XP level 14. HP: 129/129 MP: 13/13
 25259 | D:12     | Identified the +1 pair of gloves of Honour {rPois Str+3
                  | Dex+3}
 26122 | D:12     | Identified the amulet of Zyomob {Acrobat rF- rC++ Str+2}
 26700 | D:13     | Reached skill level 1 in Throwing
 27163 | D:13     | Reached skill level 1 in Stealth
 27163 | D:13     | Reached skill level 1 in Evocations
 27400 | D:13     | Received a gift from Trog
 27695 | D:13     | Found a gate to the Vaults.
 28427 | D:14     | Identified the +8 quarterstaff of Amorality {pain, rCorr
                  | Str+3 Int-5}
 28443 | D:14     | You are sucked into a shaft and drop 1 floor!
 28443 | D:15     | Entered Level 15 of the Dungeon
 29992 | D:15     | Reached XP level 15. HP: 139/139 MP: 14/14
 30532 | D:15     | Found a staircase to the Depths.
 30959 | D:15     | Identified the +4 scale mail of Woxkyisu {rElec rF- rN+++
                  | Str-2}
 31225 | Lair:2   | Killed Walel's ghost
 31383 | Lair:3   | Killed Gelion's ghost
 31385 | Lair:3   | Killed jasper's ghost
 31393 | Lair:3   | Killed Ofeo's ghost
 31394 | Lair:3   | Reached skill level 10 in Armour
 31398 | Lair:3   | Killed Splishie's ghost
 31403 | Lair:3   | Killed jlumianski's ghost
 31495 | Lair:3   | Identified the staff "Baypsagusch" {rElec rF++ rCorr Dex-4
                  | SInv Air}
 31502 | Lair:3   | Identified the +4 ring mail of the Battered Loafs {rPois
                  | Str+3 Dex+2 Slay+3}
 31738 | Elf:1    | Entered Level 1 of the Elven Halls
 31912 | Elf:1    | Received a gift from Trog
 32165 | Elf:1    | Noticed a deep elf sorcerer
 32169 | Elf:1    | Reached skill level 5 in Dodging
 32174 | Elf:1    | Reached skill level 15 in Fighting
 32176 | Elf:1    | Killed a deep elf sorcerer
 32690 | Elf:1    | Found Riodof's One-of-a-Kind Rings.
 32694 | Elf:1    | Bought the ring of Generosity {rF++ rN+ Str+6 Int-4} for
                  | 1069 gold pieces
 32709 | Elf:1    | Found a huge runed gate.
 32709 | Elf:1    | Found a huge runed gate.
 32709 | Elf:1    | Found a huge runed gate.
 32709 | Elf:1    | Found a huge runed gate.
 32709 | Elf:1    | Found a huge runed gate.
 32709 | Elf:1    | Found a huge runed gate.
 32709 | Elf:1    | Found a huge runed gate.
 32709 | Elf:1    | Found a huge runed gate.
 32709 | Elf:1    | Found a huge runed gate.
 32709 | Elf:1    | Found a huge runed gate.
 32710 | Elf:1    | Found a huge runed gate.
 32711 | Elf:1    | Found a huge runed gate.
 32713 | Elf:1    | Found a huge runed gate.
 32714 | Elf:1    | Found a huge runed gate.
 32715 | Elf:1    | Found a huge runed gate.
 32843 | Elf:1    | Found a huge runed gate.
 32843 | Elf:1    | Found a huge runed gate.
 32843 | Elf:1    | Found a huge runed gate.
 32843 | Elf:1    | Found a huge runed gate.
 32843 | Elf:1    | Found a huge runed gate.
 32843 | Elf:1    | Found a huge runed gate.
 32844 | Elf:1    | Found a huge runed gate.
 32849 | Elf:1    | Found a huge runed gate.
 32850 | Elf:1    | Found a huge runed gate.
 32858 | Elf:1    | Found a huge runed gate.
 32858 | Elf:1    | Found a huge runed gate.
 32858 | Elf:1    | Found a huge runed gate.
 32858 | Elf:1    | Found a huge runed gate.
 32858 | Elf:1    | Found a huge runed gate.
 32858 | Elf:1    | Found a huge runed gate.
 32859 | Elf:1    | Found a huge runed gate.
 32860 | Elf:1    | Found a huge runed gate.
 32861 | Elf:1    | Found a huge runed gate.
 32874 | Elf:1    | Found a huge runed gate.
 32874 | Elf:1    | Found a huge runed gate.
 32874 | Elf:1    | Found a huge runed gate.
 33018 | Elf:1    | Identified the +9 sling of the Protecting Gods {drain,
                  | rElec rPois rF++ Will-}
 33366 | Elf:2    | Reached skill level 5 in Throwing
 34140 | Elf:2    | Noticed Roxanne
 34210 | Elf:2    | Killed Roxanne
 34459 | Elf:2    | Reached XP level 16. HP: 149/149 MP: 15/15
 34656 | Elf:2    | Found a runed translucent door.
 34680 | Elf:2    | Reached skill level 5 in Stealth
 34682 | Elf:2    | Found a runed translucent door.
 34748 | Elf:3    | Entered Level 3 of the Elven Halls
 34808 | Elf:3    | Reached skill level 5 in Evocations
 34832 | Elf:3    | Found Fisif's Weapon Shop.
 34857 | Elf:3    | Received a gift from Trog
 36812 | Elf:3    | Noticed a deep elf blademaster
 36819 | Elf:3    | Killed a deep elf blademaster
 37085 | Elf:3    | Noticed a deep elf blademaster
 37102 | Elf:3    | Killed a deep elf blademaster
 37936 | Elf:3    | Identified the +10 plate armour of the Sea {rC+ rN+}
 37936 | Elf:3    | Noticed a deep elf master archer
 37959 | Elf:3    | Killed a deep elf master archer
 38477 | Elf:3    | Identified the +3 executioner's axe of Grandeur {flame,
                  | Drain Int+9 Stlth+}
 39273 | Elf:3    | Identified the +1 scimitar of the Depths {flame, rF- Will+
                  | Str+4}
 39868 | Spider:1 | Entered Level 1 of the Spider Nest
 40757 | Spider:1 | Reached XP level 17. HP: 152/159 MP: 16/16
 42166 | Spider:1 | Upgraded the game from 0.31-a0-460-g9e667d4245 to
                  | 0.31-a0-466-g98c9adc2b6
 42503 | Spider:2 | Identified the +4 chain mail "Zeor" {rElec}
 45131 | Spider:2 | Received a gift from Trog
 48981 | Spider:4 | Entered Level 4 of the Spider Nest
 49052 | Spider:4 | Reached skill level 10 in Dodging
 50314 | Spider:4 | Received a gift from Trog
 53765 | Spider:4 | Reached XP level 18. HP: 143/170 MP: 15/17
 59774 | Spider:4 | Got a gossamer rune of Zot
 60169 | Shoals:1 | Entered Level 1 of the Shoals
 60731 | Shoals:1 | Identified the +4 pair of gloves "Daeddaill" {-Tele Slay+2
                  | SInv}
 60731 | Shoals:1 | Noticed Nikola
 60744 | Shoals:1 | Killed Nikola
 61129 | Shoals:1 | Found a runed translucent door.
 61420 | Shoals:1 | Acquired the +8 longbow "Zephyr" {speed, Dex+3 SInv}
 61420 | Shoals:1 | Found the +8 longbow "Zephyr" {speed, Dex+3 SInv}
 61582 | Shoals:1 | Noticed Mlioglotl
 61597 | Shoals:1 | Killed Mlioglotl
 61777 | Shoals:1 | Noticed Louise
 61784 | Abyss:3  | Cast into level 3 of the Abyss (Louise)
 61851 | Abyss:3  | Found a corrupted altar of Lugonu.
 61911 | Shoals:1 | Escaped the Abyss
 61913 | Shoals:1 | Received a gift from Trog
 61917 | Shoals:1 | Killed Louise
 61918 | Shoals:1 | Reached skill level 15 in Armour
 63177 | Shoals:2 | Reached XP level 19. HP: 180/180 MP: 18/18
 63443 | Shoals:2 | Found a runed translucent door.
 63461 | Shoals:2 | Noticed Juakinleluo's ghost (adept HOFE)
 63806 | Shoals:2 | Killed Juakinleluo's ghost
 66050 | Shoals:4 | Entered Level 4 of the Shoals
 66360 | Shoals:4 | Found Nollu's Antique Weapon Shoppe.
 66361 | Shoals:4 | Upgraded the game from 0.31-a0-466-g98c9adc2b6 to
                  | 0.31-a0-473-g61b50ae490
 66534 | Shoals:4 | Received a gift from Trog
 66653 | Shoals:4 | Found a frozen archway.
 66662 | IceCv    | Entered an ice cave
 67112 | IceCv    | Acquired a manual of Stealth
 67170 | IceCv    | Identified the +0 chain mail "Regguif" {Harm rElec}
 67818 | Shoals:4 | Reached skill level 10 in Stealth
 67992 | Shoals:4 | Reached skill level 10 in Evocations
 68026 | Shoals:4 | Received a gift from Trog
 68059 | Shoals:4 | Got a barnacled rune of Zot
 68890 | Lair:4   | Killed lessens's ghost
 69570 | Vaults:1 | Entered Level 1 of the Vaults
 71684 | Vaults:1 | You are sucked into a shaft and drop 1 floor!
 71688 | Vaults:2 | Identified the amulet of Qesoidam {Reflect rF+ Dex+2 SH+5
                  | Stlth+}
 72245 | Vaults:1 | Received a gift from Trog
 72355 | Vaults:1 | Reached XP level 20. HP: 191/191 MP: 19/19
 72414 | Vaults:1 | Paralysed by a great orb of eyes for 5 turns
 72609 | Vaults:1 | Identified the +1 chain mail of Midsummer {+Blink rF+}
 73228 | Vaults:2 | Identified the staff "Elunif" {rF+ Int+3 Fire}
 73259 | Vaults:2 | Found the +10 tower shield of Ignorance {rN+ Int-4}
 75687 | Vaults:3 | Identified the +0 battleaxe of Division {flame, *Slow rF++}
                  | (Trog gifted it to you on level 3 of the Vaults)
 75687 | Vaults:3 | Received a gift from Trog
 76059 | Vaults:3 | Noticed Asterion
 76070 | Vaults:3 | Killed Asterion
 76868 | Vaults:3 | Found a staircase to the Crypt.
 79671 | Vaults:4 | Identified the +7 battleaxe of Tyefoh {flame, +Blink rElec
                  | Will+ Str-4} (Trog gifted it to you on level 4 of the
                  | Vaults)
 79671 | Vaults:4 | Received a gift from Trog
 80103 | Vaults:4 | Reached XP level 21. HP: 201/201 MP: 20/20
 80122 | Crypt:1  | Entered Level 1 of the Crypt
 81503 | Crypt:1  | Noticed Donald
 81510 | Crypt:1  | Killed Donald
 81920 | Crypt:1  | Received a gift from Trog
 81983 | Crypt:1  | Reached skill level 1 in Maces & Flails
 84784 | Crypt:2  | Noticed Vv
 84798 | Crypt:2  | Killed Vv
 85358 | Crypt:3  | Entered Level 3 of the Crypt
 86632 | Crypt:3  | Received a gift from Trog
 89687 | Crypt:3  | Identified the ring of Qipu {*Corrode rPois rF+ rN+ Stlth+}
 89687 | Crypt:3  | Identified the ring "Edoekhlio" {rC+ rN+ Will- Str+2 Int+2}
 89687 | Crypt:3  | Identified the ring of Afigamewn {+Blink rN+}
 90202 | Crypt:3  | Found a staircase to the Tomb.
 90297 | Crypt:3  | Found an ancient bone altar of Kikubaaqudgha.
 90302 | Crypt:3  | Reached skill level 15 in Dodging
 90307 | Crypt:3  | Received a gift from Trog
 90738 | Crypt:3  | Reached skill level 5 in Maces & Flails
 90800 | Crypt:3  | Reached XP level 22. HP: 209/211 MP: 21/21
 90841 | Crypt:3  | Identified the +1 dagger "Tary Gusk" {flame, *Slow rPois
                  | rCorr Dex+5}
 90843 | Crypt:3  | Noticed a dread lich
 90858 | Crypt:3  | Killed a dread lich
 92121 | Depths:1 | Entered Level 1 of the Depths
 92172 | Depths:1 | Found a gateway to Hell.
 92300 | Depths:1 | Found a flickering gateway to a bazaar.
 92416 | Bazaar   | Entered a bazaar
 92416 | Bazaar   | Found Hoagig's Armour Shoppe.
 92416 | Bazaar   | Found Qairukud's Antique Weapon Boutique.
 92416 | Bazaar   | Found Xajooli's Jewellery Shoppe.
 92416 | Bazaar   | Found Cokhif's Assorted Antiques.
 92418 | Bazaar   | Found Wuigymij's Book Shop.
 92458 | Bazaar   | Bought a scroll of enchant weapon for 187 gold pieces
 92709 | Depths:1 | Found a stormy altar of Qazlal.
 92813 | Depths:1 | Identified the +4 battleaxe of Pysseob {heavy, Str+2} (Trog
                  | gifted it to you on level 1 of the Depths)
 92813 | Depths:1 | Received a gift from Trog
 93055 | Depths:1 | Reached skill level 15 in Stealth
 94863 | Depths:2 | Noticed a golden dragon
 94866 | Depths:2 | Paralysed by a hornet for 2 turns
 94870 | Depths:2 | Received a gift from Trog
 94873 | Depths:2 | Killed a golden dragon
 96213 | Depths:2 | Reached XP level 23. HP: 219/222 MP: 22/22
 96230 | Depths:2 | Found a one-way gate leading to the halls of Pandemonium.
 96231 | Depths:2 | Noticed Sojobo
 96249 | Depths:2 | Paralysed by an air elemental for 1 turns
 96975 | Depths:1 | Killed Sojobo
 98330 | Depths:3 | Noticed Norris
 98558 | Depths:3 | Killed Norris
 98770 | Depths:3 | Found Builetuo's Jewellery Shop.
 98772 | Depths:3 | Found Tugibuxa's Book Emporium.
 98774 | Depths:3 | Found Tidior's Jewellery Shop.
 98872 | Depths:3 | Found an opulent altar of Gozag.
 98995 | Depths:3 | Noticed a juggernaut
 99002 | Depths:3 | Killed a juggernaut
 99009 | Depths:3 | Noticed a juggernaut
 99023 | Depths:3 | Killed a juggernaut
 99599 | Depths:3 | Found a one-way gate to the infinite horrors of the Abyss.
 99681 | Depths:4 | Entered Level 4 of the Depths
100829 | Depths:4 | Found a one-way gateway to a ziggurat.
100858 | Zig:1    | Entered Level 1 of a ziggurat
100862 | Zig:1    | Gained mutation: You occasionally lose the ability to read
                  | scrolls when taking damage. [a shining eye]
100867 | Zig:1    | Gained mutation: You are frail. (-10% HP) [a shining eye]
100989 | Zig:2    | Entered Level 2 of a ziggurat
101142 | Zig:3    | Entered Level 3 of a ziggurat
101466 | Zig:3    | Identified the +3 whip "Beast's Undoing" {elec, rPois Str-2
                  | Int+2 Dex+3}
101467 | Zig:3    | Identified the +6 giant club "Killer Bee's Foe" {freeze,
                  | Contam rF+ rC++ Stlth+}
101472 | Zig:4    | Entered Level 4 of a ziggurat
101477 | Zig:4    | Paralysed by an air elemental for 1 turns
101666 | Zig:5    | Entered Level 5 of a ziggurat
101673 | Zig:5    | Noticed a Killer Klown
101673 | Zig:5    | Noticed a Killer Klown
101674 | Zig:5    | Noticed a Killer Klown
101683 | Zig:5    | Killed a Killer Klown
101688 | Zig:5    | Killed a Killer Klown
101706 | Zig:5    | Killed a Killer Klown
101799 | Zig:5    | Lost mutation: You occasionally lose the ability to read
                  | scrolls when taking damage. [potion of mutation]
101799 | Zig:5    | Lost mutation: You are frail. (-10% HP) [potion of
                  | mutation]
101799 | Zig:5    | Gained mutation: Armour fits poorly on your strangely
                  | shaped body. [potion of mutation]
101799 | Zig:5    | Gained mutation: You occasionally lose the ability to read
                  | scrolls when taking damage. [potion of mutation]
101800 | Zig:5    | Lost mutation: Armour fits poorly on your strangely shaped
                  | body. [potion of mutation]
101800 | Zig:5    | Lost mutation: You occasionally lose the ability to read
                  | scrolls when taking damage. [potion of mutation]
101800 | Zig:5    | Gained mutation: You occasionally lose the ability to read
                  | scrolls when taking damage. [potion of mutation]
101800 | Zig:5    | Gained mutation: Your natural rate of healing is unusually
                  | fast. [potion of mutation]
101800 | Zig:5    | Gained mutation: You expend magic power (3 MP) to
                  | strengthen your wands. [potion of mutation]
101801 | Zig:5    | Lost mutation: You occasionally lose the ability to read
                  | scrolls when taking damage. [potion of mutation]
101801 | Zig:5    | Lost mutation: You expend magic power (3 MP) to strengthen
                  | your wands. [potion of mutation]
101801 | Zig:5    | Gained mutation: Your magical capacity is low. (-10% MP)
                  | [potion of mutation]
101801 | Zig:5    | Gained mutation: You are frail. (-10% HP) [potion of
                  | mutation]
101813 | Zig:5    | Identified the staff "Opoxar" {rElec Dex+4 Stlth+ Air}
101824 | Zig:6    | Entered Level 6 of a ziggurat
101839 | Zig:6    | Received a gift from Trog
101897 | Zig:6    | Identified the amulet "Pioted" {Spirit rC+ Str+2 Int-5}
101904 | Zig:6    | Identified the ring "Wiumion" {*Slow Int+6 Dex+4}
101907 | Zig:7    | Entered Level 7 of a ziggurat
102060 | Zig:7    | Identified the ring "Helara Sisoe" {Contam rElec rC+ rCorr
                  | Dex+3}
102064 | Zig:7    | Identified the +3 dagger of Losithrask {freeze, *Rage
                  | +Blink rF+ Dex+3}
102168 | Depths:4 | Noticed Frederick
102179 | Depths:4 | Killed Frederick
102679 | Depths:4 | Received a gift from Trog
103399 | Depths:4 | Reached XP level 24. HP: 181/211 MP: 19/19
103431 | Depths:4 | Found a gate to the Realm of Zot.
103787 | Vaults:5 | Entered Level 5 of the Vaults
105020 | Vaults:5 | Identified the amulet of Mauceg {RegenMP Slay+2 SInv
                  | Stlth-}
105026 | Vaults:5 | Received a gift from Trog
105402 | Vaults:5 | Identified the amulet "Xyuptov" {Acrobat rF+ rN+ Str+3
                  | Dex+2}
105698 | Vaults:5 | Identified the staff of the Moon {rC+ Dex+3 Necro Earth}
105786 | Vaults:5 | Noticed a dread lich
105805 | Vaults:5 | Killed a dread lich
109995 | Vaults:5 | Identified the +0 long sword of Pooter's Anguish {freeze,
                  | Drain rPois SInv}
110064 | Vaults:5 | Paralysed by a sphinx for 3 turns
110749 | Vaults:5 | Identified the +8 chain mail "Xupryusm" {rC+ Will+}
110807 | Vaults:5 | Got a silver rune of Zot
111087 | Vaults:5 | Identified the +1 scale mail of Xom's Esteem {rCorr Dex+2}
111519 | Vaults:5 | Upgraded the game from 0.31-a0-473-g61b50ae490 to
                  | 0.31-a0-486-g8d68a81214
111908 | Zot:1    | Entered Level 1 of the Realm of Zot
113804 | Zot:1    | Reached XP level 25. HP: 221/221 MP: 19/19
114597 | Zot:2    | Received a gift from Trog
116219 | Zot:3    | Noticed a Killer Klown
116370 | Zot:2    | Killed a Killer Klown
117463 | Zot:3    | Noticed a Killer Klown
117508 | Zot:3    | Killed a Killer Klown
119808 | Zot:4    | Found a transporter.
120038 | Zot:5    | Entered Level 5 of the Realm of Zot
120227 | Zot:5    | Received a gift from Trog
120900 | Zot:5    | Noticed an orb of fire
120901 | Zot:5    | Noticed an ancient lich
120909 | Zot:5    | Noticed a Killer Klown
120911 | Zot:5    | Noticed an orb of fire
120911 | Zot:5    | Noticed a Killer Klown
120912 | Zot:5    | Killed an orb of fire
120913 | Zot:5    | Reached XP level 26. HP: 213/233 MP: 6/19
120915 | Zot:5    | Killed an ancient lich
120926 | Zot:5    | Gained mutation: You are strong-willed. (Will+) [an orb of
                  | fire]
120927 | Zot:5    | Killed an orb of fire
121751 | Zot:5    | Noticed an orb of fire
121752 | Zot:5    | Gained mutation: You occasionally lose the ability to read
                  | scrolls when taking damage. [an orb of fire]
121755 | Zot:5    | Noticed an orb of fire
121772 | Zot:5    | a Killer Klown changed into a juggernaut
121772 | Zot:5    | Noticed a juggernaut
121776 | Zot:5    | Killed a juggernaut
121776 | Zot:5    | Noticed a dread lich
121797 | Zot:5    | Gained mutation: Your spells are a little easier to cast,
                  | but a little less powerful. [an orb of fire]
121800 | Zot:5    | Gained mutation: You are weak. (Str -2) [an orb of fire]
121804 | Zot:5    | Gained mutation: You occasionally shout uncontrollably at
                  | your foes. [an orb of fire]
121807 | Zot:5    | Gained mutation: You frequently scream uncontrollably at
                  | your foes. [an orb of fire]
121809 | Zot:5    | Killed an orb of fire
122047 | Zot:5    | Lost mutation: Your magical capacity is low. (-10% MP)
                  | [potion of mutation]
122047 | Zot:5    | Lost mutation: Your natural rate of healing is unusually
                  | fast. [potion of mutation]
122047 | Zot:5    | Gained mutation: You are covered in fur. (AC +1) [potion of
                  | mutation]
122047 | Zot:5    | Lost mutation: You frequently scream uncontrollably at your
                  | foes. [potion of mutation]
122047 | Zot:5    | Gained mutation: You are very frail. (-20% HP) [potion of
                  | mutation]
122048 | Zot:5    | Lost mutation: You are very frail. (-20% HP) [potion of
                  | mutation]
122048 | Zot:5    | Lost mutation: You occasionally shout uncontrollably at
                  | your foes. [potion of mutation]
122048 | Zot:5    | Lost mutation: You occasionally lose the ability to read
                  | scrolls when taking damage. [potion of mutation]
122048 | Zot:5    | Gained mutation: Your body sometimes deteriorates upon
                  | taking damage. [potion of mutation]
122288 | Zot:5    | Killed an orb of fire
122460 | Zot:5    | a Killer Klown changed into a juggernaut
122460 | Zot:5    | Noticed a juggernaut
122465 | Zot:5    | Killed a juggernaut
122489 | Zot:5    | Killed a dread lich
122954 | Zot:5    | Identified the +6 scale mail of the Archfiend {rElec Dex+5}
123099 | Zot:5    | Got the Orb of Zot
123735 | D:14     | Noticed Ymour the pandemonium lord
124255 | D:$      | Escaped with the Orb!

Illustrated notes

Levels and vault maps discovered:
D:1:      tarquinn_simple_flora_water_f, layout_loops_ring, serial_shops,
          nicolae_shop_pleasant_corner_grove, nicolae_shop_back_alley_shop,
          nicolae_shop_mannequins, shop
D:2:      layout_loops_ring, basic_altar, chequers_ecumenical_altar_simple_redux
D:3:      layout_basic, uniq_robin, uniq_terence
D:4:      layout_cave_pools, mainiacjoe_overflow_six_doors_small,
          nicolae_vehumet_radiance, minmay_temple_entry_purple_smoke
D:5:      layout_rooms, kennysheep_small_square, uniq_edmund
D:6:      kennysheep_big_flooded_room, layout_basic
D:7:      layout_loops_ring, mainiacjoe_overflow_tiny_flanked
D:8:      layout_loops_cross, enter_bailey_3, minmay_mini_ossuary
D:9:      minmay_the_grid_octo_triangle [minmay_the_grid_octo_clover,
          minmay_the_grid_octo_prize_big_c,
          minmay_the_grid_octo_tetromino_candy], layout_irregular_city,
          elyvilon_altar_3, uniq_maggie
D:10:     nicolae_cairo_tiling_very_big, layout_basic, david_lair_shrubbed,
          minivault_11, minmay_fractal_squares_gapless_5
D:11:     layout_rooms, introduction_to_nature_1
D:12:     layout_gridville
D:13:     dreamdust_cave_troll, layout_basic, hellmonk_vaults_attempted_burglary
D:14:     layout_irregular_city, minivault_1
D:15:     gammafunk_depths_entry_grave, layout_irregular_city,
          serial_bayou_pond_e, drop_trap
Lair:1:   layout_cave_pods, uniq_grum
Lair:2:   layout_chaotic_city, minmay_shoals_entry_beasts,
          spider_nest_entry_rubble, gammafunk_ghost_hive, minivault_27,
          serial_bayou_shore_a, grunt_megastairs_5
Lair:3:   layout_chaotic_city, gammafunk_ghost_cemetery,
          nicolae_quartered_pool_medium, pdpol_lair_cavern_descent
Lair:4:   layout_layer_cave, nicolae_slime_entry_field_trip,
          ebering_ghost_funeral_grove, infiniplex_staircase_pool
Shoals:1: nicolae_shoals_offshore_bank_account, layout_shoals, uniq_mlioglotl,
          uniq_louise, uniq_nikola
Shoals:2: layout_shoals, hellmonk_ghost_happy_afterlife
Shoals:3: layout_shoals, nicolae_shoals_flooded_hall
Shoals:4: shoals_end_simple, layout_shoals, portal_ice_cave_entry_frozen_things,
          serial_shops, shop
Spider:1: nicolae_spider_hilbert_zone_2 [nicolae_spider_hilbert_4_sides_1_open,
          nicolae_spider_hilbert_4_sides_1_open,
          nicolae_spider_hilbert_4_sides_1_open,
          nicolae_spider_hilbert_4_sides_1_open,
          nicolae_spider_hilbert_6_sides_1_open,
          nicolae_spider_hilbert_6_sides_1_open,
          nicolae_spider_hilbert_3_sides_1_open,
          nicolae_spider_hilbert_3_sides_1_open,
          nicolae_spider_hilbert_3_sides_1_open,
          nicolae_spider_hilbert_3_sides_1_open,
          nicolae_spider_hilbert_6_sides_1_open,
          nicolae_spider_hilbert_6_sides_1_open,
          nicolae_spider_hilbert_6_sides_1_open,
          nicolae_spider_hilbert_6_sides_1_open]
Spider:2: layout_spider_delve, nicolae_spider_undead_wolf_pack
Spider:3: layout_spider_delve
Spider:4: hellmonk_spider_rune_endless_swarm
Orc:1:    layout_diamond_mine
Orc:2:    grunt_orc_tribal_feast, layout_diamond_mine, serial_shops, shop,
          nicolae_shop_overcharged_wands, uniq_snorg
Elf:1:    layout_rooms, hangedman_elf_represent, nicolae_shop_unique_rings,
          not_door_vault_mu, chequers_hall_statues_corner_a, drop_trap
Elf:2:    nicolae_elf_blades_splatter_lattice
          [nicolae_blade_entry_splitting_headache], layout_geoelf_octagon,
          uniq_roxanne
Elf:3:    minmay_elf_hall_dome, layout_gridlike, serial_shops,
          nicolae_shop_bloodbath_and_beyond, grunt_ministairs_12
Vaults:1: grunt_vaults_twisty, nicolae_vaults_trapezoid_lopsided_4,
          nicolae_vaults_trapezoid_lopsided_4, nicolae_vaults_tangram_1,
          ontoclasm_vaults_tryst, nicolae_vaults_double_plus_1,
          nicolae_vaults_alarming, vaults_dpeg_diagonal, vaults_dpeg_spiral,
          ontoclasm_vaults_misaligned, nicolae_vaults_circle_grid_b,
          nicolae_vaults_yaktaur_gun_rack, hangedman_vaults_slice,
          layout_vaults_maze_bifur
Vaults:2: vaults_standard_mumra_enter_the_diamond, v_misc_5,
          hangedman_vaults_stretched_pinwheel,
          nicolae_vaults_shipping_containers_3, nicolae_vaults_prndl,
          ontoclasm_vaults_shuriken, ontoclasm_vaults_pinch,
          ontoclasm_vaults_hangar, v_misc_17, hangedman_vaults_impose,
          v_alt_pattern_6, layout_vaults_omnicross
Vaults:3: nicolae_vaults_network_periphery, minmay_crypt_entry_simple_box,
          nicolae_vaults_tetromino_T_2, v_misc_25,
          nicolae_vaults_door_testing_chamber, nicolae_vaults_cochlea,
          nicolae_vaults_closet_pinwheel_6, serial_ice_b,
          nicolae_vaults_border_crossing, ontoclasm_vaults_gateway,
          layout_vaults_chaotic_city, uniq_asterion
Vaults:4: ontoclasm_vaults_eye, ontoclasm_vaults_decontamination,
          vaults_dpeg_ring, nicolae_vaults_triangles,
          nicolae_vaults_enemy_cabinets, nicolae_vaults_little_squares_2,
          layout_vaults_omnigrid
Vaults:5: serial_shops
Crypt:1:  layout_basic, grunt_crypt_arrival_webbed, uniq_donald
Crypt:2:  layout_catacombs, uniq_margery, uniq_vv
Crypt:3:  evilmike_haunted_forest
Depths:1: layout_gridville, serial_shops, bzr_entry_customers,
          hangedman_tar_grid_catacomb, nicolae_qazlal_scattered_showers,
          kilobyte_rumbling_trees
Depths:2: grunt_runaround [grunt_runaround_doors_1, grunt_runaround_doors_2,
          grunt_runaround_doors_3, grunt_runaround_doors_4,
          grunt_runaround_loot], serial_shops, hell_entry, pan_entry,
          uniq_sojobo
Depths:3: minmay_containers, layout_basic, pan_entry, grunt_gozag_breadcrumbs,
          abyss_entry, hell_entry, minmay_shop_grove, uniq_norris
Depths:4: evilmike_zot_entry_gauntlet, layout_gridlike, enter_ziggurat_e,
          grunt_hell_entry_dis_old, chequers_big_river,
          minmay_misc_feat_ornament, uniq_frederick
Zot:1:    layout_misc_corridors, grunt_ministairs_9, grunt_megastairs_2
Zot:2:    layout_gridlike
Zot:3:    cheibrodos_zot_enchanting_chambers, layout_gridlike
Zot:4:    layout_concentric_octagons, nicolae_diode_basic
Zot:5:    layout_gridlike

Skill      XL: |  1  2  3  4  5  6  7  8  9 10 11 12 13 14 15 16 17 18 19 20 21 22 23 24 25 26 |
---------------+-------------------------------------------------------------------------------+-----
Axes           | 4 5 6 7 8 10 12 13 15 16 18 19 20 21 22 23 25 26 | 26.1
Fighting       | 4 5 6 7 9 10 11 12 13 14 15 16 17 18 19 20 21 23 24 25 26 | 26.3
Ranged Weapons | 2 4 7 9 11 12 14 15 16 17 18 19 20 21 22 23 | 23.7
Armour         | 5 7 9 11 12 13 15 | 15.5
Throwing       | 2 5 7 9 |  9.8
Stealth        | 2 4 6 8 9 10 12 14 15 16 17 | 17.8
Evocations     | 2 4 6 8 9 10 11 13 14 | 14.6
Dodging        | 3 6 8 10 11 12 14 15 16 17 18 | 18.8
Maces & Flails | 5 6 |  6.7

Action                     |  1- 3 |  4- 6 |  7- 9 | 10-12 | 13-15 | 16-18 | 19-21 | 22-24 | 25-27 || total
---------------------------+-------+-------+-------+-------+-------+-------+-------+-------+-------++-------
  Melee: Hand axe          |   100 |    67 |       |       |       |       |       |       |       ||   167
         Punch             |     1 |     3 |       |       |       |       |       |       |       ||     4
         Headbutt          |    13 |    21 |    26 |    61 |    66 |   118 |   189 |   175 |   128 ||   797
         Trident           |       |    65 |    12 |       |       |       |       |       |       ||    77
         Dire flail        |       |       |   108 |    68 |       |       |       |       |       ||   176
         Battleaxe         |       |       |       |   219 |    37 |       |       |       |       ||   256
         Executioner's axe |       |       |       |       |   271 |   492 |   686 |   581 |   428 ||  2458
         Great mace        |       |       |       |       |       |       |    29 |       |       ||    29
         Unarmed           |       |       |       |       |       |       |       |       |     6 ||     6
   Fire: Sling             |       |    11 |    11 |       |       |       |       |       |       ||    22
         Orcbow            |       |       |       |   222 |   658 |   825 |       |       |       ||  1705
         Shortbow          |       |       |       |    10 |       |       |       |       |       ||    10
         Longbow           |       |       |       |       |       |    85 |  1151 |  1144 |   482 ||  2862
  Throw: Dart              |       |     4 |    17 |     6 |     5 |       |     3 |       |       ||    35
         Boomerang         |       |       |       |       |       |     9 |       |    11 |    17 ||    37
         Javelin           |       |       |       |       |       |       |       |       |     7 ||     7
 Invoke: Berserk           |       |     4 |     8 |    12 |     5 |     4 |     3 |     6 |     7 ||    49
         Trog's Hand       |       |     3 |     5 |     5 |    13 |    24 |    18 |    26 |    22 ||   116
         Brothers in Arms  |       |       |       |       |     1 |       |     2 |       |       ||     3
  Evoke: Wand              |       |       |       |     2 |    12 |    15 |     6 |     2 |     7 ||    44
         Box of beasts     |       |       |       |       |       |       |     1 |       |       ||     1
    Use: Scroll            |     3 |     4 |     5 |    19 |    12 |     4 |     5 |    21 |    13 ||    86
         Potion            |       |       |       |     1 |     4 |     8 |     5 |     6 |    15 ||    39
   Stab: Sleeping          |     1 |       |       |       |       |       |     1 |     4 |     1 ||     7
         Distracted        |       |       |       |       |     1 |       |     2 |     1 |       ||     4
         Invisible         |       |       |       |       |       |     8 |       |       |       ||     8
         Betrayed ally     |       |       |       |       |       |       |     1 |       |       ||     1
 Armour: Animal skin       |    16 |     9 |       |       |       |       |       |       |       ||    25
         Chain mail        |       |    45 |    83 |    21 |       |       |       |       |       ||   149
         Ring mail         |       |     2 |       |       |       |       |       |       |       ||     2
         Plate armour      |       |       |       |   172 |   258 |   653 |   478 |   413 |   212 ||  2186
  Dodge: Dodged            |    46 |    60 |    75 |   138 |   186 |   579 |   607 |   441 |   275 ||  2407
         Repelled          |       |       |       |       |       |     3 |    10 |    19 |    40 ||    72
  Block: Other             |       |       |       |       |       |       |   102 |   106 |    59 ||   267
         Reflection        |       |       |       |       |       |       |     8 |    10 |     4 ||    22
Riposte: Battleaxe         |       |       |       |    12 |     3 |       |       |       |       ||    15
         Executioner's axe |       |       |       |       |    24 |     7 |       |       |       ||    31

Table legend: (Time is in decaauts)
 A = Elapsed time spent in this place.
 B = Non-inter-level travel time spent in this place.
 C = Inter-level travel time spent in this place.
 D = Time resting spent in this place.
 E = Time spent auto-exploring this place.
 F = Levels seen in this place.
 G = Mean time per level.
                   A        B        C        D        E       F      G
               +--------+--------+--------+--------+--------+-----+--------+
         Total | 123233 | 116186 |   7047 |  70791 |  29149 |  60 | 2053.9 |
       Dungeon |  20956 |  17648 |   3308 |   5447 |   9402 |  15 | 1397.1 |
          Lair |   5781 |   5026 |    755 |   1117 |   3127 |   4 | 1445.2 |
        Shoals |   7993 |   7662 |    331 |   4382 |   1677 |   4 | 1998.2 |
   Spider Nest |  20162 |  19863 |    299 |  16211 |   2257 |   4 | 5040.5 |
  Orcish Mines |   6515 |   6322 |    193 |   5052 |    527 |   2 | 3257.5 |
   Elven Halls |   7964 |   7767 |    197 |   4927 |   1263 |   3 | 2654.7 |
        Vaults |  17771 |  17225 |    546 |  11728 |   3549 |   5 | 3554.2 |
         Crypt |  11573 |  11294 |    279 |   8348 |   1880 |   3 | 3857.7 |
        Depths |   9960 |   9164 |    796 |   5029 |   2743 |   4 | 2490.0 |
           Zot |  11277 |  10939 |    338 |   6514 |   2445 |   5 | 2255.4 |
         Abyss |    118 |    118 |      0 |      0 |      0 |   1 |  118.0 |
      Ziggurat |   1168 |   1168 |      0 |    877 |      0 |   7 |  166.9 |
        Bazaar |     49 |     49 |      0 |      0 |     18 |   1 |   49.0 |
        Bailey |   1426 |   1426 |      0 |    826 |    189 |   1 | 1426.0 |
      Ice Cave |    515 |    515 |      0 |    327 |     70 |   1 |  515.0 |
               +--------+--------+--------+--------+--------+-----+--------+

Top non-repeatable levels by time:
Spider:4: 10991 daAuts
Vaults:5: 7431 daAuts
 Crypt:3: 6349 daAuts
   Elf:3: 4857 daAuts
   Orc:2: 4786 daAuts
Spider:2: 3539 daAuts
Vaults:3: 3354 daAuts
Depths:2: 3330 daAuts
   Zot:5: 3034 daAuts
Spider:3: 2980 daAuts
 Crypt:2: 2976 daAuts
Vaults:4: 2915 daAuts
Depths:4: 2709 daAuts
Spider:1: 2649 daAuts
   Zot:1: 2493 daAuts
